 Dungeon Crawl Stone Soup version 0.20.1-1-g8b1a95d (webtiles) character file.

23 dvd the Charmwright (level 3, 0/24 HPs)
             Began as a Halfling Skald on Oct 18, 2017.
             Slain by an adder (4 damage)
             ... on level 2 of the Dungeon.
             The game lasted 00:03:37 (994 turns).

dvd the Charmwright (Halfling Skald)                 Turns: 994, Time: 00:03:38

Health: 0/24       AC:  5    Str: 18    XL:     3   Next: 12%
Magic:  4/5        EV: 14    Int: 12    God:
Gold:   76         SH:  0    Dex: 13    Spells: 0/5 levels left

rFire    . . .     SeeInvis .   a - +0 short sword
rCold    . . .     Gourm    .   (shield restricted)
rNeg     . . .     Faith    .   j - +0 leather armour
rPois    .         Spirit   .   l - +0 helmet
rElec    .         Reflect  .   (no cloak)
rCorr    .         Harm     .   (no gloves)
MR       .....                  q - +0 pair of boots
Stlth    ..........             (no amulet)
Regen    0.1/turn               e - +6 ring of strength
MPRegen  0.1/turn               k - ring of loudness (curse)

@: lethally poisoned (0 -> -7), flying
A: mutation resistance 1
a: no special abilities


You were on level 2 of the Dungeon.
You were not hungry.

You visited 1 branch of the dungeon, and saw 2 of its levels.

You collected 76 gold pieces.

Inventory:

Hand Weapons
 a - a +0 short sword (weapon)
 b - a +0 hunting sling
Missiles
 g - 36 stones (quivered)
Armour
 j - a +0 leather armour (worn)
 l - a +0 helmet (worn)
 q - a +0 pair of boots (worn)
Jewellery
 e - a +6 ring of strength (left hand)
 k - a cursed ring of loudness (right hand)
Scrolls
 h - 2 scrolls of enchant weapon {unknown}
 o - 2 scrolls of identify {unknown}
 p - a scroll of teleportation {unknown}
 s - a scroll of noise {unknown}
Potions
 f - 2 potions of curing {unknown}
 m - 2 potions of flight
 r - a potion of might {unknown}
Books
 c - a book of Battle

   Spells                             Type                      Level
   a - Infusion                       Charms                       1
   b - Shroud of Golubria             Charms/Translocation         2
   c - Song of Slaying                Charms                       2
   d - Spectral Weapon                Hexes/Charms                 3
   e - Regeneration                   Charms/Necromancy            3
Comestibles
 d - 3 bread rations
 i - 4 chunks of flesh
 n - 3 fruits


   Skills:
 + Level 2.1 Fighting
 + Level 2.5 Short Blades
 + Level 0.8 Slings
 + Level 1.3 Armour
 + Level 2.2 Dodging
 + Level 1.8 Spellcasting
 + Level 3.5 Charms


You couldn't memorise any spells.
You knew the following spells:

 Your Spells              Type           Power        Failure   Level  Hunger
a - Infusion              Chrm           #...         8%          1    ##.....
b - Song of Slaying       Chrm           #.......     12%         2    ###....
c - Shroud of Golubria    Chrm/Tloc      #.........   24%         2    ###....


Dungeon Overview and Level Annotations

Branches:
Dungeon (2/15)

Altars:
Ashenzari
Trog


Innate Abilities, Weirdness & Mutations

You are small and have problems with some larger weapons.
You are somewhat resistant to further mutation.


Message History

The adder is heavily wounded.
The adder closely misses you.
You barely miss the adder.
The adder is heavily wounded.
The adder bites you.
You are more poisoned.
The adder poisons you!
You completely miss the adder.
The adder is heavily wounded.
You feel sick. The adder closely misses you.
You barely miss the adder.
The adder is heavily wounded.
You feel sick. The adder bites you.
* * * LOW HITPOINT WARNING * * *
The adder misses you.
Unknown command.
It was a potion of flight.
You feel very buoyant.
You fly up into the air.
The adder bites you.
You die...

#..#......(.. #...
#..#....... ####...
#........ .......
#..$.# ####### #.>..#
##...# #### #...# #...
#...###############.##
#..lS@..............#
#..##################
.....# #....## ####.
##


You could see an adder and a frilled lizard.

Vanquished Creatures
  A leopard gecko (D:1)
  5 bats
  2 giant cockroaches (D:1)
  A goblin (D:2)
  2 hobgoblins (D:2)
  4 kobolds
  A ball python (D:1)
  2 frilled lizards (D:1)
  4 rats (D:1)
22 creatures vanquished.

Notes
Turn   | Place    | Note
-------+----------+-------------------------------------------
     0 | D:1      | dvd the Halfling Skald began the quest for the Orb.
     0 | D:1      | Reached XP level 1. HP: 14/14 MP: 3/3
   197 | D:1      | Reached XP level 2. HP: 19/19 MP: 2/4
   221 | D:1      | Learned a level 2 spell: Song of Slaying
   767 | D:2      | Found a shattered altar of Ashenzari.
   768 | D:2      | Found a bloodstained altar of Trog.
   814 | D:2      | Reached XP level 3. HP: 24/24 MP: 1/5
   912 | D:2      | Learned a level 2 spell: Shroud of Golubria
   994 | D:2      | Slain by an adder

Skill      XL: |  1 |
---------------+----+-----
Fighting       | 2 |  2.1
Short Blades   | |  2.5
Slings         | |  0.8
Armour         | |  1.3
Dodging        | |  2.2
Spellcasting   | |  1.8
Charms         | |  3.5

Action                   || total
-------------------------++-------
Melee: Short sword       ||    54
 Fire: Hunting sling     ||    11
 Cast: Infusion          ||     5
       Song of Slaying   ||     4
       Shroud of Golubri ||     1
  Use: Potion            ||     1
  Eat: Chunk             ||     1
Armor: Leather armour    ||    15
Dodge: Dodged            ||    41
